 Dungeon Crawl Stone Soup version 0.23-a0-417-gf02c810438 (webtiles) character file.

66 LostNumber the Caller (level 3, -8/24 HPs)
             Began as a Mummy Summoner on Nov 10, 2018.
             Was an Initiate of Ashenzari.
             Mangled by a wyvern zombie (15 damage)
             ... on level 2 of the Dungeon.
             The game lasted 00:04:54 (1420 turns).

LostNumber the Caller (Mummy Summoner)              Turns: 1420, Time: 00:04:55

Health: -8/24      AC:  2    Str: 11    XL:     3   Next: 96%
Magic:  1/8        EV: 12    Int: 15    God:    Ashenzari [......]
Gold:   97         SH:  0    Dex: 12    Spells: 6/9 levels left

rFire    x . .     SeeInvis .   h - +1 dagger
rCold    + . .     Gourm    .   (no shield)
rNeg     + + +     Faith    .   a - +0 robe
rPois    ∞         Spirit   .   (no helmet)
rElec    .         Reflect  .   (no cloak)
rCorr    .         Harm     .   (no gloves)
MR       .....                  (no boots)
Stlth    +++.......             f - amulet of regeneration
HPRegen  0.48/turn              d - ring of stealth (curse)
MPRegen  0.11/turn              (no ring)

@: no status effects
A: no food or potions, fire vulnerability, cold resistance 1, negative energy
resistance 3, torment resistance, unbreathing
a: Curse Item, Renounce Religion


You were on level 2 of the Dungeon.
You worshipped Ashenzari.
Ashenzari was noncommittal.
You were not hungry.

You visited 1 branch of the dungeon, and saw 2 of its levels.

You collected 97 gold pieces.

Inventory:

Hand Weapons
 h - a +1 dagger (weapon)
Armour
 a - a +0 robe (worn)
Jewellery
 d - a cursed ring of stealth (left hand)
 f - an amulet of regeneration (around neck)
 g - an uncursed ring of flight
Scrolls
 c - a scroll of fog {unknown}
 e - 4 scrolls of identify {unknown}


   Skills:
 - Level 0.2 Fighting
 - Level 1.5 Dodging
 - Level 1.5 Stealth
 - Level 0.2 Unarmed Combat
 + Level 3.6 Spellcasting
 * Level 4.2 Summonings


You had 6 spell levels left.
You knew the following spells:

 Your Spells              Type           Power        Failure   Level  Hunger
a - Summon Small Mammal   Summ           ###.         3%          1    N/A
b - Call Imp              Summ           ###.....     4%          2    N/A

Your spell library contained the following spells:

 Spells                   Type           Power        Failure   Level  Hunger
 Call Canine Familiar     Summ           ###.....     10%         3    N/A
 Summon Guardian Golem    Hex/Summ       #.......     24%         3    N/A
 Summon Ice Beast         Ice/Summ       #.......     61%         4    N/A
 Summon Lightning Spire   Summ/Air       #.......     61%         4    N/A

Dungeon Overview and Level Annotations

Branches:
Dungeon (2/15)

Altars:
Ashenzari


Innate Abilities, Weirdness & Mutations

You do not eat or drink.
Your flesh is vulnerable to fire.
You are immune to poison.
Your flesh is cold resistant. (rC+)
You are immune to negative energy. (rN+++)
You are immune to unholy pain and torment.
You can survive without breathing.


Message History

Unknown command.
Your crimson imp hits the worm.
The wyvern zombie bites you.
* * * LOW HITPOINT WARNING * * *
Unknown command.
You swap places.
The wyvern zombie bites your shadow imp!
Your shadow imp dies!
Unknown command.
Found an uncursed robe.
Found 14 stones and a scroll labeled ROIG HUEBYEHIL.
You see here an uncursed robe.
You aren't carrying any items that you can evoke.
Unknown command.
You can't drink.
Unknown command.
As you read the scroll labeled YSOUNUI BIRYECH, it crumbles to dust.
It is a scroll of enchant weapon.
Your +0 dagger glows red for a moment.
The wyvern zombie bites you!
Ouch! That really hurt!
You die...

#.# ###.# .# .##.#
#.# .##.# #$#
##########.# .##.#
#.# #..[......(#
.##.# #.#
#.##Z#####? .##.#
#.# ##.##@#
.##.####.# #..##.#
......5..###.###.#
.#######5w.w.....#
.# #.###.##### .#
#.# #.# .#######<#
#.# .........# #.#
.........( ...


You could see a wyvern zombie.

Vanquished Creatures
  2 goblins (D:2)
  3 hobgoblins
  2 jackals
  2 bats (D:1)
  A frilled lizard (D:2)
  A rat (D:2)
11 creatures vanquished.

Vanquished Creatures (collateral kills)
  Natasha (thrice) (D:2)
  An adder (D:1)
  2 dart slugs
  A bat (D:1)
  A goblin (D:2)
  A jackal (D:2)
  A frilled lizard (D:1)
  2 kobolds (D:2)
  A rat (D:1)
13 creatures vanquished.

Grand Total: 24 creatures vanquished

Notes
Turn   | Place    | Note
-------+----------+-------------------------------------------
     0 | D:1      | LostNumber the Mummy Summoner began the quest for the Orb.
     0 | D:1      | Reached XP level 1. HP: 13/13 MP: 4/4
   507 | D:1      | Found a shattered altar of Ashenzari.
   518 | D:1      | Became a worshipper of Ashenzari the Shackled
   770 | D:1      | Reached XP level 2. HP: 19/19 MP: 3/5
   774 | D:1      | Learned a level 2 spell: Call Imp
   795 | D:2      | Noticed Natasha
   976 | D:2      | Killed Natasha
  1083 | D:2      | Reached XP level 3. HP: 9/24 MP: 4/7
  1155 | D:2      | Found a faded altar of an unknown god.
  1160 | D:2      | Noticed Natasha
  1166 | D:2      | Killed Natasha
  1166 | D:2      | Reached skill level 4 in Summonings
  1258 | D:2      | Noticed Natasha
  1298 | D:2      | Killed Natasha
  1420 | D:2      | Mangled by a wyvern zombie

Vault maps used:
D:1:      saegor_arrival_simple_a, chequers_serial_rivers_large_a,
          grunt_decor_one_mirror, minmay_misc_feat_iff, evilmike_ruin_ashenzari
D:2:      first_ration, chequers_ecumenical_altar_simple_redux,
          makhleb_altar_promises_db, uniq_natasha

Skill      XL: |  1  2  3 |
---------------+----------+-----
Spellcasting   | 3 |  3.6
Summonings     | 4 |  4.2
Fighting       | |  0.2
Dodging        | |  1.5
Stealth        | |  1.5
Unarmed Combat | |  0.2

Action                   || total
-------------------------++-------
Melee: Unarmed           ||    53
       Dagger            ||    25
 Cast: Summon Small Mamm ||    14
       Call Imp          ||    22
  Use: Scroll            ||     1
 Stab: Sleeping          ||     3
       Distracted        ||     2
Armor: Robe              ||    23
Dodge: Dodged            ||    91

Table legend:
 A = Non-vault XP
 B = Vault XP
 C = Vault XP percentage of total XP
 D = Non-vault monster count
 E = Vault monster count
 F = Vault count percentage of total count
                 A         B        C        D         E       F
            +---------+---------+-------+---------+---------+-------
      Total |      78 |      17 |  17.9 |      23 |       1 |   4.2
            +---------+---------+-------+---------+---------+-------
        D:1 |      19 |       0 |   0.0 |       9 |       0 |   0.0
        D:2 |      59 |      17 |  22.4 |      14 |       1 |   6.7
            +---------+---------+-------+---------+---------+-------
